 Dungeon Crawl Stone Soup version 0.21.1-1-g345015f (webtiles) character file.

13 Monsterracer the Cutter (level 2, 0/21 HPs)
             Began as an Octopode Monk on Feb 12, 2018.
             Slain by a jackal (2 damage)
             ... on level 1 of the Dungeon.
             The game lasted 00:00:29 (79 turns).

Monsterracer the Cutter (Octopode Monk)               Turns: 79, Time: 00:00:30

Health: 0/21       AC:  1    Str: 10    XL:     2   Next: 37%
Magic:  2/2        EV: 14    Int: 12    God:
Gold:   0          SH:  0    Dex: 14    Spells: 1/1 levels left

rFire    . . .     SeeInvis .   a - +0 short sword
rCold    . . .     Gourm    .   (no shield)
rNeg     . . .     Faith    .   (helmet restricted)
rPois    .         Spirit   .   (no amulet)
rElec    .         Reflect  .   (no ring)
rCorr    .         Harm     .   (no ring)
MR       .....                  (no ring)
Stlth    +++.......             (no ring)
HPRegen  0.07/turn              (no ring)
MPRegen  0.08/turn              (no ring)
                                (no ring)
                                (no ring)

@: no status effects
A: almost no armour, stealthy swim, amphibious, 8 rings, constrict 8, camouflage
1, gelatinous body 1
a: no special abilities


You were on level 1 of the Dungeon.
You were not hungry.

You visited 1 branch of the dungeon, and saw 1 of its levels.

Inventory:

Hand Weapons
 a - a +0 short sword (weapon)
Armour
 e - a +0 buckler
Jewellery
 d - a cursed ring of loudness {unknown}
Scrolls
 f - a scroll of identify {unknown}
Potions
 b - a potion of mutation {unknown}
Comestibles
 c - a ration


   Skills:
 + Level 3.1 Fighting
 * Level 3.2 Short Blades
 + Level 3.1 Dodging
 + Level 2.9 Stealth
 + Level 0.4 Shields


You had one spell level left.
You didn't know any spells.

Dungeon Overview and Level Annotations

Branches:
Dungeon (1/15)

Altars:


Innate Abilities, Weirdness & Mutations

You cannot wear most types of armour.
You are very stealthy in the water. (Stealth+)
You are amphibious.
You can wear up to eight rings at the same time.
You can use your tentacles to constrict eight enemies at once.
Your skin changes colour to match your surroundings (Stealth+).
Your rubbery body absorbs attacks. (AC +1, EV +1)


Message History

You constrict the frilled lizard.
You kill the frilled lizard!
f - a scroll labeled WOGUOBBIASI A jackal comes into view.
A jackal is nearby!
A rat comes into view.
A jackal and a hobgoblin come into view.
Found 2 pink potions and 36 gold pieces.
A rat and 3 jackals come into view.
The jackal barks!
The hobgoblin shouts!
The hobgoblin barely misses you.
The jackal barks!
You hear a bark!
You hit the hobgoblin. You grab the hobgoblin.
The hobgoblin is moderately wounded.
You constrict the hobgoblin, but do no damage.
The hobgoblin closely misses you.
A jackal comes into view.
You hit the hobgoblin.
The hobgoblin is heavily wounded.
You constrict the hobgoblin. The jackal closely misses you. The rat bites you.
The hobgoblin hits you. The jackal completely misses you.
A rat and a jackal come into view.
You take 5 damage, and have 11/16 hp.
MASSIVE DAMAGE!!
You release your grip on the hobgoblin.
The jackal barely misses you. The jackal barely misses you.
The jackal closely misses you.
A jackal comes into view.
The jackal bites you.
You take 1 damage, and have 10/16 hp.
The rat twitches its whiskers.
The jackal barks!
The jackal bites you.
* * * LOW HITPOINT WARNING * * *
You take 3 damage, and have 8/16 hp.
You hit the jackal. You grab the jackal.
The jackal is almost dead.
You constrict the jackal.
You kill the jackal!
You barely miss the jackal. Your grab misses the jackal.
The jackal closely misses you. x2
You hit the jackal but do no damage. You grab the jackal.
You constrict the jackal.
The jackal bites you but does no damage.
You barely miss the jackal.
The jackal is lightly wounded.
You constrict the jackal. The jackal barely misses you. x2
You hit the jackal but do no damage.
The jackal is moderately wounded.
You constrict the jackal. The jackal bites you.
* * * LOW HITPOINT WARNING * * *
You take 3 damage, and have 5/16 hp.
You hit the jackal.
You kill the jackal!
You have reached level 2!
The jackal bites you.
* * * LOW HITPOINT WARNING * * *
MP restored: 2 You hit the jackal.
Your grab misses the jackal.
The jackal is severely wounded.
The jackal misses you.
You closely miss the jackal. You grab the jackal.
Your squeeze misses the jackal.
The jackal is severely wounded.
You constrict the jackal. The jackal barely misses you.
You hit the jackal but do no damage.
You squeeze the jackal, but do no damage.
The jackal is almost dead.
You constrict the jackal, but do no damage.
The jackal completely misses you. The jackal closely misses you.
You barely miss the jackal.
The jackal is almost dead.
You constrict the jackal.
You kill the jackal!
You hit the jackal. Your grab misses the jackal.
Your squeeze misses the jackal.
The jackal is almost dead.
The jackal bites you but does no damage.
You hit the jackal but do no damage. Your grab misses the jackal.
You kill the jackal!
The jackal barely misses you.
You hit the jackal. Your grab misses the jackal.
The jackal is moderately wounded.
The jackal closely misses you.
You hit the jackal but do no damage. Your grab misses the jackal.
The jackal is moderately wounded.
The jackal barely misses you.
You hit the jackal.
You kill the jackal!
The jackal bites you.
* * * LOW HITPOINT WARNING * * *
You take 3 damage, and have 3/21 hp.
You hit the jackal. You grab the jackal.
The jackal is severely wounded.
You constrict the jackal.
You kill the jackal!
The jackal bites you.
* * * LOW HITPOINT WARNING * * *
You take 1 damage, and have 2/21 hp.
You barely miss the jackal. Your grab misses the jackal. The jackal bites you.
You die...

r#####.## .......$. +...
......$h# #.. .......h# #..
........# #.. .... ........# #.#
.. .# ........# #.# #####.##.#
........#######.# #......#.#
......h......##@# #....#.#.#
............h##h## #....#.#.#
........h.hh...gh# #....#.#.#
.........h.......###....#.#.##
#..###..###...†.)............###
#.. #..# #.....†.########......
#. #..# #.......# #....###
.............# #.#.#### ##.
###.#####.# #.#.##..


You could see 2 jackals and a hobgoblin.

Vanquished Creatures
  A giant cockroach (D:1)
  A hobgoblin (D:1)
  6 jackals (D:1)
  A bat (D:1)
  A frilled lizard (D:1)
  A rat (D:1)
11 creatures vanquished.

Notes
Turn   | Place    | Note
-------+----------+-------------------------------------------
     0 | D:1      | Monsterracer the Octopode Monk began the quest for the Orb.
     0 | D:1      | Reached XP level 1. HP: 16/16 MP: 1/1
    62 | D:1      | HP: 8/16 [jackal (3)]
    67 | D:1      | HP: 5/16 [jackal (3)]
    68 | D:1      | Reached XP level 2. HP: 7/21 MP: 2/2
    77 | D:1      | HP: 3/21 [jackal (3)]
    79 | D:1      | Slain by a jackal

Action                   || total
-------------------------++-------
Melee: Short sword       ||    30
       Constrict         ||     8
       Tentacles         ||     3
Armor: Skin              ||     5
Dodge: Dodged            ||    26

Vault maps used:
D:1:      lightli_arrival_statue_moat, minivault_14, minmay_misc_feat_nine_boxes
